 Dungeon Crawl Stone Soup version 0.21.1-1-g345015fe64 (webtiles) character file.

105 Gedi the Skirmisher (level 4, -5/41 HPs)
             Began as a Minotaur Abyssal Knight on June 14, 2018.
             Was a Believer of Lugonu.
             Slain by an ice beast (11 damage)
             ... on level 1 of the Dungeon.
             The game lasted 00:09:08 (2656 turns).

Gedi the Skirmisher (Minotaur Abyssal Knight)       Turns: 2656, Time: 00:09:08

Health: -5/41      AC:  4    Str: 17    XL:     4   Next: 54%
Magic:  4/4        EV: 11    Int:  9    God:    Lugonu [**....]
Gold:   112        SH:  0    Dex: 10    Spells: 3/3 levels left

rFire    . . .     SeeInvis .   a - +1 hand axe
rCold    . . .     Gourm    .   (no shield)
rNeg     . . .     Faith    .   b - +0 leather armour
rPois    .         Spirit   .   (helmet restricted)
rElec    .         Reflect  .   (no cloak)
rCorr    .         Harm     .   (no gloves)
MR       .....                  i - +0 pair of boots
Stlth    +.........             d - amulet of magic regeneration
HPRegen  0.13/turn              (no ring)
MPRegen  0.34/turn              (no ring)

@: no status effects
A: retaliatory headbutt, horns 2
a: Depart the Abyss, Bend Space, Renounce Religion


You were on level 1 of the Dungeon.
You worshipped Lugonu.
Lugonu was pleased with you.
You were hungry.

You visited 1 branch of the dungeon, and saw 3 of its levels.
You visited the Abyss 1 time.

You collected 112 gold pieces.

Inventory:

Hand Weapons
 a - a +1 hand axe (weapon)
Armour
 b - a +0 leather armour (worn)
 i - a +0 pair of boots (worn)
Jewellery
 d - an amulet of magic regeneration (around neck)
Scrolls
 g - a scroll of remove curse {unknown}
 h - 2 scrolls of teleportation {unknown}
 k - 2 scrolls of identify {unknown}
Potions
 e - 2 potions of haste {unknown}
 j - a potion of brilliance {unknown}
Comestibles
 c - 2 rations


   Skills:
 + Level 4.6 Fighting
 + Level 3.7 Axes
 * Level 3.7 Armour
 - Level 1.1 Dodging
 - Level 2.3 Invocations


You had 3 spell levels left.
You didn't know any spells.

Dungeon Overview and Level Annotations

Branches:
Dungeon (3/15)

Altars:
Hepliaklqana
Uskayaw
Xom
Zin


Innate Abilities, Weirdness & Mutations

You reflexively headbutt those who attack you in melee.
You have a pair of horns on your head.


Message History

The ice beast closely misses you. You furiously retaliate!
You headbutt the ice beast!
You climb upwards.
There is a stone staircase leading down here.
You hit the ice beast. You headbutt the ice beast.
The ice beast is severely wounded.
The ice beast completely misses you.
You hit the ice beast but do no damage.
The ice beast is severely wounded.
The ice beast hits you but does no damage.
You hit the ice beast. Your headbutt misses the ice beast.
The ice beast is severely wounded.
The ice beast hits you. The ice beast freezes you!
* * * LOW HITPOINT WARNING * * *
You hit the ice beast but do no damage.
The ice beast is severely wounded.
The ice beast hits you.
* * * LOW HITPOINT WARNING * * *
The ice beast freezes you!
You die...

#.#..........###############
#####'#.#####....# #..........
#.......# #....#####..........
#.......#####.#......'..........
#.............#.######..........
#......######.#.# #..........
#.............#.################
#...............Y.......########
#..............@........'.......
#..............#........#.....##
#......#...##'##........#.###...
##.........##.##........#.# #...
#.........'..###########.# #...
#.........##############.# #...
#..........#.............# ##..
#......#.#.#.####...###### #...
#########.#.#.#......+.######...


You could see an ice beast.

Vanquished Creatures
  4 adders
  An ooze (D:1)
  2 worms (D:2)
  A dart slug (D:1)
  A leopard gecko (D:1)
  A giant cockroach (D:1)
  9 goblins
  8 hobgoblins
  2 quokkas (D:2)
  A ball python (D:1)
  12 bats
  3 frilled lizards
  5 kobolds
  5 rats
55 creatures vanquished.

Notes
Turn   | Place    | Note
-------+----------+-------------------------------------------
     0 | Abyss:1  | Gedi the Minotaur Abyssal Knight began the quest for the Orb.
     0 | Abyss:1  | Reached XP level 1. HP: 19/19 MP: 1/1
    38 | Abyss:1  | Noticed a large abomination
   323 | Abyss:1  | Noticed a rust devil
   324 | Abyss:1  | Noticed a small abomination
   324 | Abyss:1  | Noticed a white draconian
   325 | D:1      | Escaped the Abyss
   343 | D:1      | Reached XP level 2. HP: 21/27 MP: 2/2
   450 | D:1      | Reached * piety under Lugonu
   478 | D:1      | Reached skill level 4 in Fighting
   887 | D:1      | Reached XP level 3. HP: 33/33 MP: 3/3
  1663 | D:2      | Found a hazy altar of Hepliaklqana.
  1663 | D:2      | Found a hide-covered altar of Uskayaw.
  1688 | D:2      | Found a shimmering altar of Xom.
  1689 | D:2      | Noticed an angel
  1777 | D:2      | Found a glowing silver altar of Zin.
  1782 | D:2      | Reached XP level 4. HP: 41/41 MP: 4/4
  1968 | D:2      | Reached ** piety under Lugonu
  2156 | D:2      | Found a faded altar of an unknown god.
  2220 | D:3      | Noticed an ice beast
  2267 | D:1      | HP: 2/41 [poisoned by an adder]
  2656 | D:1      | Slain by an ice beast

Skill      XL: |  1  2  3 |
---------------+----------+-----
Invocations    | 2 |  2.3
Fighting       | 4 |  4.6
Axes           | 3 |  3.7
Armour         | 3 |  3.7
Dodging        | |  1.1

Action                   |  1- 3 |  4- 6 || total
-------------------------+-------+-------++-------
Melee: Hand axe          |    87 |    44 ||   131
       Headbutt          |     6 |     5 ||    11
Invok: Depart the Abyss  |     1 |       ||     1
  Eat: Chunk             |     3 |     2 ||     5
Armor: Leather armour    |    35 |    17 ||    52
Dodge: Dodged            |    57 |    40 ||    97
